 Dungeon Crawl Stone Soup version 0.29.0-4-gdea44cf6ec (webtiles) character file.

Game seed: 4939459302759270105

170 qw the Ruffian (level 5, -2/41 HPs)
             Began as a Ghoul Fire Elementalist on Aug 29, 2022.
             Slain by Grinder (4 damage)
             ... while paralysed by Grinder
             ... on level 3 of the Dungeon.
             The game lasted 00:02:56 (3645 turns).

qw the Ruffian (Ghoul Fire Elementalist)            Turns: 3645, Time: 00:02:57

Health: -2/41      AC:  8    Str: 14    XL:     5   Next: 50%
Magic:  6/6        EV:  2    Int: 10    God:
Gold:   321        SH:  0    Dex:  9    Spells: 6/7 levels left

rFire   . . .      SeeInvis .     - Unarmed
rCold   + + .      Faith    .   a - +0 buckler
rNeg    + + +      Spirit   .   d - +0 chain mail
rPois   inf        Reflect  .   (no helmet)
rElec   .          Harm     .   (no cloak)
rCorr   .          Rampage  .   (no gloves)
Will    .....                   (no boots)
Stlth   ..........              (no amulet)
HPRegen 0.00/turn               h - ring of protection from cold
MPRegen 0.10/turn               (no ring)

@: paralysed, inhibited regen
A: claws 1, cold resistance 1, negative energy resistance 3, inhibited
regeneration, torment resistance 2, devour on kill
a: no special abilities


You were on level 3 of the Dungeon.
You visited 1 branch of the dungeon, and saw 3 of its levels.

You collected 321 gold pieces.


Innate Abilities, Weirdness & Mutations

You are immune to poison.
You have sharp fingernails.
Your flesh is cold resistant. (rC+)
You are immune to negative energy. (rN+++)
You do not regenerate when monsters are visible.
You are immune to unholy pain and torment.
You thrive by killing the living.


   Skills:
 - Level 2.0 Fighting
 - Level 1.1 Armour
 - Level 1.7 Dodging
 - Level 2.1 Stealth
 - Level 1.0 Shields
 + Level 4.3 Unarmed Combat
 - Level 1.7 Spellcasting
 - Level 0.7 Conjurations
 - Level 2.4 Fire Magic


You had 6 spell levels left.
You knew the following spells:

 Your Spells              Type           Power      Damage    Failure   Level
a - Foxfire               Conj/Fire      16%        2x1d4     100%        1

Your spell library contained the following spells:

 Spells                   Type           Power      Damage    Failure   Level
 Scorch                   Fire           10%        2d6       100%        2
 Conjure Flame            Conj/Fire      4%         6-21      100%        3
 Inner Flame              Hex/Fire       3%         N/A       100%        3
 Flame Wave               Conj/Fire      4%         2d5       100%        4

Inventory:

Armour
 a - a +0 buckler (worn)
 d - a +0 chain mail (worn)
Jewellery
 h - a ring of protection from cold (left claw)
Scrolls
 i - 2 scrolls of identify
Potions
 b - a potion of lignification {unknown}
 c - a potion of haste {unknown}
 e - a potion of ambrosia {unknown}
 f - a potion of heal wounds {unknown}
 g - 2 potions of curing
 j - a potion of invisibility {unknown}

Dungeon Overview and Level Annotations

Branches:
Dungeon (3/15)

Altars:
Nemelex Xobeh
Vehumet
Xom

Annotations:
D:3 Grinder


Message History

Grinder hits you.
You scratch Grinder.
Grinder is heavily wounded.
Grinder hits you but does no damage.
You claw Grinder!
Grinder is severely wounded.
Grinder hits you.
You barely miss Grinder.
Grinder is heavily wounded.
Grinder hits you.
You barely miss Grinder.
Grinder is heavily wounded.
Grinder hits you.
You scratch Grinder.
Grinder is severely wounded.
Grinder gestures at you. You resist with significant effort.
You closely miss Grinder.
Grinder is severely wounded.
Grinder hits you but does no damage.
You barely miss Grinder.
Grinder is severely wounded.
Grinder hits you but does no damage.
You scratch Grinder.
Grinder is severely wounded.
Grinder completely misses you.
You scratch Grinder.
Grinder is almost dead.
Grinder hits you.
You scratch Grinder but do no damage.
Grinder is almost dead.
You closely miss Grinder.
Grinder is almost dead.
Grinder hits you!
You barely miss Grinder.
Grinder is almost dead.
Grinder gestures at you.
You suddenly lose the ability to move!
Grinder hits you.
You die...

..############........#####.#
............................#
.###########..)........####.#
...................#...# #.#
.###########..##.....#.# #.#
## #........##.# #.#
#..########.# #.#
#..<........# #.#
##.##@####### #.# #.##5# #.#
#.##.# #.# #.##.# #.# ##.##.#
#.# #..##.# ##<# #.###.# #..#
#.# #.# #.## #.# #.#


You could see Grinder.

Vanquished Creatures
  Jessica (D:2)
  7 adders
  4 worms
  A dart slug (D:2)
  An orc (D:3)
  7 endoplasms
  3 giant cockroaches
  6 hobgoblins
  3 kobolds
  3 quokkas
  5 ball pythons
  10 bats
  6 frilled lizards
  5 goblins
  8 rats
70 creatures vanquished.

Notes
Turn   | Place    | Note
-------+----------+-------------------------------------------
     0 | D:1      | qw the Ghoul Fire Elementalist began the quest for the Orb.
     0 | D:1      | Reached XP level 1. HP: 14/14 MP: 2/2
     0 | D:1      | 0 ||| qw: Version: 0.1-a-90-g952f4b7
     0 | D:1      | 0 ||| qw: Game counter: 3678
     0 | D:1      | 0 ||| qw: Always use a shield: true
     0 | D:1      | 0 ||| qw: God list: Okawaru
     0 | D:1      | 0 ||| qw: Allow faded altars: false
     0 | D:1      | 0 ||| qw: Do Orc after D:15 true
     0 | D:1      | 0 ||| qw: Do second Lair branch before Depths: true
     0 | D:1      | 0 ||| qw: Lair rune preference: random
     0 | D:1      | 0 ||| qw: Plans: Normal
     0 | D:1      | 0 ||| PLANNING D:1-11
    63 | D:1      | 63 ||| Stepping ~*~*~tactically~*~*~ (stealth).
    65 | D:1      | 65 ||| Stepping ~*~*~tactically~*~*~ (stealth).
    75 | D:1      | 75 ||| Stepping ~*~*~tactically~*~*~ (outnumbered).
    77 | D:1      | 77 ||| Stepping ~*~*~tactically~*~*~ (outnumbered).
    78 | D:1      | 78 ||| Stepping ~*~*~tactically~*~*~ (outnumbered).
    79 | D:1      | 79 ||| Stepping ~*~*~tactically~*~*~ (outnumbered).
    83 | D:1      | Reached skill level 1 in Unarmed Combat
   283 | D:1      | 283 ||| Stepping ~*~*~tactically~*~*~ (outnumbered).
   285 | D:1      | 285 ||| Stepping ~*~*~tactically~*~*~ (outnumbered).
   286 | D:1      | 286 ||| Stepping ~*~*~tactically~*~*~ (outnumbered).
   287 | D:1      | 287 ||| Stepping ~*~*~tactically~*~*~ (outnumbered).
   288 | D:1      | 288 ||| Stepping ~*~*~tactically~*~*~ (outnumbered).
   291 | D:1      | 291 ||| Stepping ~*~*~tactically~*~*~ (outnumbered).
   295 | D:1      | Reached skill level 1 in Fighting
   295 | D:1      | Reached XP level 2. HP: 15/23 MP: 3/3
   447 | D:1      | 447 ||| Stepping ~*~*~tactically~*~*~ (stealth).
   486 | D:1      | 486 ||| Stepping ~*~*~tactically~*~*~ (stealth).
   487 | D:1      | You fall into a shaft and drop 1 floor!
   542 | D:2      | Noticed Jessica
   543 | D:2      | 543 ||| Stepping ~*~*~tactically~*~*~ (hiding).
   645 | D:2      | 645 ||| Stepping ~*~*~tactically~*~*~ (hiding).
   747 | D:2      | 747 ||| Stepping ~*~*~tactically~*~*~ (hiding).
   849 | D:2      | 849 ||| Stepping ~*~*~tactically~*~*~ (hiding).
   951 | D:2      | 951 ||| Stepping ~*~*~tactically~*~*~ (hiding).
   952 | D:2      | 952 ||| Stepping ~*~*~tactically~*~*~ (hiding).
   953 | D:2      | 953 ||| Stepping ~*~*~tactically~*~*~ (hiding).
   962 | D:2      | HP: 2/23 [Jessica/+1 spectral club (5)]
   969 | D:2      | Killed Jessica
   970 | D:2      | Reached skill level 3 in Unarmed Combat
   970 | D:2      | Reached XP level 3. HP: 5/28 MP: 4/4
  1232 | D:2      | 1232 ||| Stepping ~*~*~tactically~*~*~ (stealth).
  1237 | D:2      | 1237 ||| Stepping ~*~*~tactically~*~*~ (stealth).
  1246 | D:2      | 1246 ||| UPGRADING to +0 scale mail.
  1256 | D:2      | 1256 ||| DROPPING +0 robe.
  1257 | D:2      | 1257 ||| READING scroll labelled EKKERU ZORRI.
  1266 | D:2      | 1266 ||| Stepping ~*~*~tactically~*~*~ (outnumbered).
  1267 | D:2      | 1267 ||| Stepping ~*~*~tactically~*~*~ (outnumbered).
  1399 | D:2      | 1399 ||| READING scroll labelled ULAPUOFFEY.
  1400 | D:2      | 1400 ||| READING scroll labelled BYPSIO ZOUXT.
  1401 | D:2      | 1401 ||| READING scroll labelled REANECW VUIZAIC.
  1402 | D:2      | 1402 ||| DROPPING potion of magic.
  1642 | D:1      | Reached XP level 4. HP: 35/35 MP: 5/5
  1740 | D:1      | Found a faded altar of an unknown god.
  1859 | D:1      | 1859 ||| UPGRADING to +0 buckler.
  1864 | D:1      | 1864 ||| UPGRADING to +0 chain mail.
  1874 | D:1      | 1874 ||| DROPPING +0 scale mail.
  1875 | D:1      | 1875 ||| UPGRADING to ring of protection from cold.
  1876 | D:1      | 1876 ||| READING scroll labelled ZEOL EXUAQ.
  1910 | D:2      | 1910 ||| STAIRDANCE
  1939 | D:2      | 1939 ||| Stepping ~*~*~tactically~*~*~ (stealth).
  1944 | D:2      | 1944 ||| Stepping ~*~*~tactically~*~*~ (stealth).
  1950 | D:2      | 1950 ||| Stepping ~*~*~tactically~*~*~ (stealth).
  1951 | D:2      | 1951 ||| Stepping ~*~*~tactically~*~*~ (stealth).
  2058 | D:2      | 2058 ||| Stepping ~*~*~tactically~*~*~ (hiding).
  2075 | D:2      | 2075 ||| Stepping ~*~*~tactically~*~*~ (outnumbered).
  2089 | D:2      | Reached skill level 4 in Unarmed Combat
  2753 | D:2      | Reached XP level 5. HP: 32/41 MP: 6/6
  2870 | D:2      | 2870 ||| READING scroll labelled BAAKAYTZUKA.
  2871 | D:2      | 2871 ||| DRINKING 3 sapphire potions.
  2917 | D:3      | Found a radiant altar of Vehumet.
  2917 | D:3      | Found a shimmering altar of Xom.
  2931 | D:3      | Reached skill level 1 in Shields
  2941 | D:3      | Found a sparkling altar of Nemelex Xobeh.
  3218 | D:3      | Reached skill level 1 in Armour
  3351 | D:3      | 3351 ||| Stepping ~*~*~tactically~*~*~ (stealth).
  3622 | D:3      | Noticed Grinder
  3641 | D:3      | HP: 10/41 [Grinder (3)]
  3643 | D:3      | HP: 2/41 [Grinder (8)]
  3644 | D:3      | Paralysed by Grinder for 5 turns
  3645 | D:3      | Slain by Grinder

Levels and vault maps discovered:
D:1:      giann_bridges, layout_basic, basic_ecumenical_altar
D:2:      layout_rooms, minmay_hedge_maze, uniq_jessica
D:3:      layout_loops_ring, chequers_temple_overflow_statue_of_worship,
          uniq_grinder

Skill      XL: |  1  2  3  4  5 |
---------------+----------------+-----
Unarmed Combat | 1 3 4 |  4.3
Fighting       | 1 2 |  2.0
Shields        | 1 |  1.0
Armour         | 1 |  1.1
Dodging        | |  1.7
Stealth        | |  2.1
Spellcasting   | |  1.7
Conjurations   | |  0.7
Fire Magic     | |  2.4

Action                   |  1- 3 |  4- 6 || total
-------------------------+-------+-------++-------
Melee: Unarmed           |    99 |   193 ||   292
       Punch             |     3 |       ||     3
  Use: Scroll            |     4 |     2 ||     6
       Potion            |       |     1 ||     1
Armor: Robe              |     6 |       ||     6
       Scale mail        |    15 |     1 ||    16
       Chain mail        |       |    85 ||    85
Dodge: Dodged            |    47 |    36 ||    83
Block: Buckler           |       |    11 ||    11

Table legend:
 A = Non-vault XP
 B = Vault XP
 C = Vault XP percentage of total XP
 D = Non-vault monster count
 E = Vault monster count
 F = Vault count percentage of total count
                 A         B        C        D         E       F
            +---------+---------+-------+---------+---------+-------
      Total |     206 |      37 |  15.2 |      69 |       1 |   1.4
            +---------+---------+-------+---------+---------+-------
        D:1 |      40 |       0 |   0.0 |      27 |       0 |   0.0
        D:2 |      89 |      37 |  29.4 |      26 |       1 |   3.7
        D:3 |      77 |       0 |   0.0 |      16 |       0 |   0.0
            +---------+---------+-------+---------+---------+-------
